[Event "POL-chT 2nd League Juniors 2020"]
[Site "Sypniewo"]
[Date "2020.10.28"]
[Round "7.9"]
[White "Zaborski, Igor"]
[Black "Jendrowiak, Maciej"]
[Result "1-0"]
[ECO "A46"]
[WhiteElo "1612"]
[BlackElo "1382"]
[Annotator "NA"]
[PlyCount "127"]
[EventDate "2020.10.23"]
[EventType "team-tourn"]
[EventCountry "POL"]
[SourceTitle "playchess.com"]
[Source "ChessBase"]
[SourceQuality "1"]
[TimeControl "5400+30"]

1. d4 Nf6 2. Nf3 c6 3. e3 d5 4. Bd3 g6 5. Nbd2 Bg7 6. b3 O-O 7. O-O Bf5 8. Nh4 Bxd3 9. cxd3 Nbd7 10. Ba3 Re8 11. f4 e6 12. Nhf3 Qa5 13. Bd6 c5 14. b4 cxb4 15. Qb3 Qb6 16. Bxb4 Ng4 17. Rfe1 Rec8 18. h3 Nh6 19. Ne5 Nxe5 20. fxe5 Nf5 21. Nf3 Bh6 22. Kf2 Qc6 23. Bd2 Qc2 24. Rac1 Qxb3 25. axb3 Bf8 26. e4 Ng7 27. b4 b6 28. Nh2 h5 29. Nf1 dxe4 30. dxe4 Rd8 31. Ke3 Rac8 32. Ng3 Be7 33. Ne2 h4 34. Kf3 Nh5 35. b5 f5 36. Rc6 Kf7 37. Rec1 Rxc6 38. bxc6 fxe4+ 39. Kxe4 Ke8 40. c7 Rc8 41. d5 exd5+ 42. Kxd5 Ng7 43. Nf4 g5 44. Ne6 Nxe6 45. Kxe6 Bc5 46. Rxc5 bxc5 47. Kd6 c4 48. e6 g4 49. hxg4 Rxc7 50. Kxc7 Ke7 51. Kc6 Kxe6 52. g5 Kf5 53. Kb5 c3 54. Bc1 a5 55. Kxa5 Kg6 56. Kb4 Kf5 57. Kxc3 Kg6 58. Kd4 Kf5 59. Kd5 Kg6 60. Ke6 Kg7 61. Kf5 Kh7 62. Kf6 Kg8 63. Kg6 Kh8 64. Kf7 1-0

[Event "POL-chT 2nd League Juniors 2020"]
[Site "Sypniewo"]
[Date "2020.10.28"]
[Round "7.9"]
[White "Cieply, Krzysztof"]
[Black "Duda, Szymon"]
[Result "1-0"]
[ECO "C55"]
[WhiteElo "1573"]
[BlackElo "1529"]
[Annotator "NA"]
[PlyCount "119"]
[EventDate "2020.10.23"]
[EventType "team-tourn"]
[EventCountry "POL"]
[SourceTitle "playchess.com"]
[Source "ChessBase"]
[SourceQuality "1"]
[TimeControl "5400+30"]

1. e4 e5 2. Nf3 Nc6 3. d4 exd4 4. Bc4 Nf6 5. e5 d5 6. Bb5 Ne4 7. Nxd4 Bd7 8. Bxc6 bxc6 9. O-O Bc5 10. f3 Ng5 11. f4 Ne4 12. Be3 Qh4 13. Nd2 Nxd2 14. Qxd2 O-O 15. Nb3 Bb6 16. Bc5 Rfe8 17. a4 Rad8 18. a5 Bxc5+ 19. Nxc5 f6 20. exf6 Qxf6 21. c3 Bf5 22. Rae1 Qg6 23. Re5 Kf8 24. Qd4 Qf6 25. Rfe1 h6 26. Nb7 Ra8 27. Rxe8+ Rxe8 28. Rxe8+ Kxe8 29. Qxa7 Qe7 30. Qf2 Qe4 31. h3 Qa4 32. Qe2+ Kf8 33. a6 Bc8 34. Nc5 Qa5 35. b4 Qb6 36. Kh2 Kf7 37. Qe5 Kf8 38. f5 Kf7 39. Kg3 Qa7 40. Kh2 Qb6 41. g4 Bd7 42. Qe1 Bc8 43. Qe2 Kf8 44. Kg3 Kf7 45. Kh4 Qb8 46. Kh5 Qa8 47. h4 Qb8 48. Qe5 Qa8 49. Qxc7+ Kg8 50. Qd8+ Kh7 51. Qf8 Qb8 52. Qf7 Qa8 53. a7 Bb7 54. Ne6 Qh8 55. Nf8+ Qxf8 56. Qxf8 d4 57. cxd4 c5 58. a8=R Bxa8 59. Qxa8 cxd4 60. Qb7 1-0

[Event "POL-chT 2nd League Juniors 2020"]
[Site "Sypniewo"]
[Date "2020.10.28"]
[Round "7.9"]
[White "Lapczynski, Jacek"]
[Black "Wojs, Alicja"]
[Result "*"]
[WhiteElo "1212"]
[BlackElo "1392"]
[Annotator "NA"]
[PlyCount "21"]
[EventDate "2020.10.23"]
[EventType "team-tourn"]
[EventCountry "POL"]
[SourceTitle "playchess.com"]
[Source "ChessBase"]
[SourceQuality "1"]
[TimeControl "5400+30"]

1. e4 e5 2. Nf3 Nc6 3. d4 exd4 4. Bc4 Nf6 5. e5 d5 6. Bb5 Ne4 7. Nxd4 Bd7 8. Bxc6 bxc6 9. O-O Bc5 10. f3 Ng5 11. f4 *

[Event "POL-chT 2nd League Juniors 2020"]
[Site "Sypniewo"]
[Date "2020.10.28"]
[Round "7.10"]
[White "Rzepka, Marcin"]
[Black "Rozek, Michal"]
[Result "0-1"]
[ECO "A03"]
[WhiteElo "1294"]
[BlackElo "1442"]
[Annotator "NA"]
[PlyCount "80"]
[EventDate "2020.10.23"]
[EventType "team-tourn"]
[EventCountry "POL"]
[SourceTitle "playchess.com"]
[Source "ChessBase"]
[SourceQuality "1"]
[TimeControl "5400+30"]

1. d3 d5 2. f4 Nf6 3. Nf3 g6 4. g3 Bg7 5. Bg2 c5 6. O-O O-O 7. Nc3 Nc6 8. e4 d4 9. Ne2 b6 10. h3 e6 11. g4 Qc7 12. Ng3 Bb7 13. g5 Nd7 14. h4 h5 15. e5 Ne7 16. Ne4 Nf5 17. Nf6+ Kh8 18. Bd2 Rfd8 19. Qe1 Rac8 20. b3 Bf8 21. Bh3 Nxf6 22. gxf6 Bh6 23. Ng5 Bxg5 24. hxg5 Qc6 25. Kh2 b5 26. Rg1 c4 27. Bg2 Qd7 28. Be4 cxd3 29. Bxd3 Qd5 30. Rc1 a6 31. Ba5 Rd7 32. Bd2 Qf3 33. Be2 Qd5 34. Bd3 Kh7 35. Bb4 Ne3 36. Be2 Rdc7 37. Qh4 Rxc2 38. Rce1 Ng2 39. Qg3 Nxe1 40. Rxe1 Rxe2+ 0-1

[Event "POL-chT 2nd League Juniors 2020"]
[Site "Sypniewo"]
[Date "2020.10.28"]
[Round "7.10"]
[White "Lapczynski, Jacek"]
[Black "Wojs, Alicja"]
[Result "0-1"]
[ECO "D08"]
[WhiteElo "1212"]
[BlackElo "1392"]
[Annotator "NA"]
[PlyCount "114"]
[EventDate "2020.10.23"]
[EventType "team-tourn"]
[EventCountry "POL"]
[SourceTitle "playchess.com"]
[Source "ChessBase"]
[SourceQuality "1"]
[TimeControl "5400+30"]

1. d4 d5 2. c4 e5 3. dxe5 d4 4. e4 Nc6 5. Nf3 Bg4 6. Nbd2 Nxe5 7. h3 Bh5 8. Qb3 Nxf3+ 9. Nxf3 b6 10. Qb5+ Qd7 11. Qxh5 c5 12. Qg5 Ne7 13. Bd3 Nc6 14. Qd2 Bd6 15. Qe2 O-O 16. Bd2 Rfe8 17. O-O f5 18. Rfe1 f4 19. Bc2 Ne5 20. Nxe5 Bxe5 21. Rab1 Re6 22. f3 Rg6 23. Kf1 Rf8 24. Bd3 Rff6 25. Rec1 Rg5 26. h4 Rh5 27. Qf2 Rg6 28. Ke2 Qe6 29. Rh1 Qf6 30. b4 Rgh6 31. bxc5 bxc5 32. Rh3 Rxh4 33. Rbh1 Rxh3 34. Rxh3 Rg6 35. Kf1 Qa6 36. Be1 Qa3 37. Qc2 Rb6 38. Bd2 Rb2 39. Bc1 Rxc2 40. Bxa3 Rc3 41. Bxc5 Rxd3 42. Rh5 Bc7 43. Bxa7 Ra3 44. Bxd4 Rxa2 45. Be5 Bxe5 46. Rxe5 Ra1+ 47. Kf2 Ra2+ 48. Kg1 Rc2 49. Rc5 Kf7 50. Kh2 Ke6 51. Rc7 g5 52. Kh3 h5 53. Rc5 Kf6 54. Rc8 Rc1 55. Kh2 g4 56. c5 g3+ 57. Kh3 Rh1# 0-1

[Event "POL-chT 2nd League Juniors 2020"]
[Site "Sypniewo"]
[Date "2020.10.28"]
[Round "7.11"]
[White "Hertlein, Irena"]
[Black "Seemann, Pola"]
[Result "1-0"]
[ECO "B33"]
[WhiteElo "1893"]
[BlackElo "1566"]
[Annotator "NA"]
[PlyCount "45"]
[EventDate "2020.10.23"]
[EventType "team-tourn"]
[EventCountry "POL"]
[SourceTitle "playchess.com"]
[Source "ChessBase"]
[SourceQuality "1"]
[TimeControl "5400+30"]

1. e4 c5 2. Nf3 Nc6 3. d4 cxd4 4. Nxd4 Nf6 5. Nc3 e6 6. Nxc6 bxc6 7. e5 Nd5 8. Ne4 Bb7 9. Be2 Qb8 10. Nd6+ Bxd6 11. exd6 a5 12. O-O Ba6 13. c4 Nb6 14. Be3 Nxc4 15. Bxc4 Bxc4 16. Qd4 Bxf1 17. Qxg7 Rf8 18. Rd1 Qxd6 19. Rxd6 Ke7 20. Bc5 Rg8 21. Rd1+ d6 22. Bxd6+ Kd7 23. Qxf7+ 1-0

[Event "POL-chT 2nd League Juniors 2020"]
[Site "Sypniewo"]
[Date "2020.10.28"]
[Round "7.11"]
[White "Lach, Alicja"]
[Black "Czarnecka, Lidia"]
[Result "0-1"]
[ECO "B40"]
[WhiteElo "1161"]
[BlackElo "1861"]
[Annotator "NA"]
[PlyCount "60"]
[EventDate "2020.10.23"]
[EventType "team-tourn"]
[EventCountry "POL"]
[SourceTitle "playchess.com"]
[Source "ChessBase"]
[SourceQuality "1"]
[TimeControl "5400+30"]

1. e4 c5 2. Nf3 e6 3. d4 cxd4 4. Nxd4 Nf6 5. Bd3 Nc6 6. Nxc6 dxc6 7. O-O e5 8. Nd2 Qc7 9. Nc4 Be6 10. Qf3 Be7 11. b3 O-O 12. Bb2 Nd7 13. Nd2 Rad8 14. Qe2 Nc5 15. Nf3 f6 16. Bc4 Kh8 17. Rad1 Bg4 18. h3 Bh5 19. Qe3 b5 20. Be2 Bg6 21. Bd3 Ne6 22. g3 Bc5 23. Qe2 Bh5 24. h4 g5 25. b4 Bxb4 26. c3 Bc5 27. Rd2 gxh4 28. gxh4 Nf4 29. Qd1 Qg7+ 30. Kh2 Qg2# 0-1

[Event "POL-chT 2nd League Juniors 2020"]
[Site "Sypniewo"]
[Date "2020.10.28"]
[Round "7.12"]
[White "Zabron, Maksym"]
[Black "Majocha, Piotr"]
[Result "*"]
[ECO "D51"]
[WhiteElo "1932"]
[BlackElo "2074"]
[Annotator "RC"]
[PlyCount "23"]
[EventDate "2020.10.23"]
[EventType "team-tourn"]
[EventCountry "POL"]
[SourceTitle "playchess.com"]
[Source "ChessBase"]
[SourceQuality "1"]
[TimeControl "5400+30"]

1. d4 d5 2. c4 e6 3. Nc3 Nf6 4. Bg5 Nbd7 5. Nf3 Be7 6. e3 c6 7. Bd3 dxc4 8. Bxc4 b5 9. Bd3 a6 10. O-O O-O 11. Rc1 Bb7 12. Ne5 *

[Event "POL-chT 2nd League Juniors 2020"]
[Site "Sypniewo"]
[Date "2020.10.28"]
[Round "7.12"]
[White "Gaszka, Zuzanna"]
[Black "Lajdamik, Anna"]
[Result "1-0"]
[ECO "D06"]
[WhiteElo "1417"]
[BlackElo "1292"]
[Annotator "NA"]
[PlyCount "97"]
[EventDate "2020.10.23"]
[EventType "team-tourn"]
[EventCountry "POL"]
[SourceTitle "playchess.com"]
[Source "ChessBase"]
[SourceQuality "1"]
[TimeControl "5400+30"]

1. d4 d5 2. c4 Bf5 3. cxd5 Bxb1 4. Rxb1 Qxd5 5. Nf3 Nc6 6. e3 e6 7. Bd2 Nf6 8. Qc2 Be7 9. Bc4 Qe4 10. Bd3 Qd5 11. O-O O-O 12. b4 a6 13. e4 Qd8 14. Bc3 h6 15. Rfd1 Re8 16. Qe2 Bf8 17. Bc2 Qe7 18. Qc4 Rad8 19. b5 axb5 20. Rxb5 Nb8 21. Rxb7 Rd7 22. Ne5 Rdd8 23. Rxc7 Nfd7 24. Nxd7 Rxd7 25. Rxd7 Nxd7 26. Bb3 Nb6 27. Qd3 Qb7 28. Qf3 Rc8 29. Bd2 Nc4 30. Bxc4 Rxc4 31. Bc3 Bb4 32. Bxb4 Qxb4 33. Qe3 e5 34. dxe5 Rxe4 35. Qd3 Re1+ 36. Rxe1 Qxe1+ 37. Qf1 Qxe5 38. g3 Qb2 39. Qc4 Qa3 40. Qc8+ Kh7 41. Qc2+ Kg8 42. Qb3 Qxb3 43. axb3 Kf8 44. Kg2 Ke7 45. Kf3 Kd6 46. Ke4 Kc5 47. Kd3 Kb4 48. Kc2 h5 49. f4 1-0

[Event "POL-chT 2nd League Juniors 2020"]
[Site "Sypniewo"]
[Date "2020.10.28"]
[Round "7.12"]
[White "Slusarczyk, Anna"]
[Black "Mainka, Anna"]
[Result "1/2-1/2"]
[ECO "D51"]
[WhiteElo "1330"]
[BlackElo "1280"]
[Annotator "NA"]
[PlyCount "63"]
[EventDate "2020.10.23"]
[EventType "team-tourn"]
[EventCountry "POL"]
[SourceTitle "playchess.com"]
[Source "ChessBase"]
[SourceQuality "1"]
[TimeControl "5400+30"]

1. d4 d5 2. c4 e6 3. Nc3 Nf6 4. Bg5 Nbd7 5. Nf3 Be7 6. e3 c6 7. Bd3 dxc4 8. Bxc4 b5 9. Bd3 a6 10. O-O O-O 11. Rc1 Bb7 12. Ne5 Rc8 13. f4 c5 14. f5 cxd4 15. exd4 Nxe5 16. dxe5 Qd4+ 17. Kh1 Qxe5 18. Bf4 Qc5 19. fxe6 fxe6 20. Qe2 Qb6 21. Be3 Qd6 22. Rcd1 Qc6 23. Bd4 Rcd8 24. Bxf6 Rxf6 25. Rxf6 Bxf6 26. Be4 Rxd1+ 27. Qxd1 Qc7 28. Bxh7+ Kxh7 29. Qh5+ Kg8 30. Qe8+ Kh7 31. Qh5+ Kg8 32. Qe8+ 1/2-1/2

[Event "POL-chT 2nd League Juniors 2020"]
[Site "Sypniewo"]
[Date "2020.10.28"]
[Round "7.13"]
[White "Dalkowski, Rafal"]
[Black "Zniszczol, Wiktoria"]
[Result "*"]
[ECO "A46"]
[WhiteElo "1871"]
[BlackElo "1620"]
[Annotator "NA"]
[PlyCount "21"]
[EventDate "2020.10.23"]
[EventType "team-tourn"]
[EventCountry "POL"]
[SourceTitle "playchess.com"]
[Source "ChessBase"]
[SourceQuality "1"]
[TimeControl "5400+30"]

1. d4 Nf6 2. Nf3 e6 3. e3 b6 4. Bd3 Bb7 5. O-O Be7 6. b3 O-O 7. Bb2 d5 8. Nbd2 Nbd7 9. Ne5 Nxe5 10. dxe5 Ne4 11. f3 *

[Event "POL-chT 2nd League Juniors 2020"]
[Site "Sypniewo"]
[Date "2020.10.28"]
[Round "7.13"]
[White "Malik, Maciej"]
[Black "Bujalski, Mateusz"]
[Result "1/2-1/2"]
[ECO "A46"]
[WhiteElo "1671"]
[BlackElo "1865"]
[Annotator "NA"]
[PlyCount "114"]
[EventDate "2020.10.23"]
[EventType "team-tourn"]
[EventCountry "POL"]
[SourceTitle "playchess.com"]
[Source "ChessBase"]
[SourceQuality "1"]
[TimeControl "5400+30"]

1. d4 Nf6 2. Nf3 e6 3. e3 b6 4. Bd3 Bb7 5. O-O Be7 6. b3 O-O 7. Bb2 d5 8. Nbd2 Nbd7 9. Ne5 Nxe5 10. dxe5 Ne4 11. f3 Nxd2 12. Qxd2 Bc5 13. Kh1 a5 14. a3 Be7 15. Qe2 c5 16. f4 a4 17. Rfd1 Qc8 18. Bb5 axb3 19. cxb3 Ba6 20. f5 Bxb5 21. Qxb5 Bg5 22. Qe2 Qc6 23. h4 Bh6 24. f6 g6 25. e4 d4 26. Qf3 Rfd8 27. g4 Be3 28. Rd3 Qb5 29. Rad1 c4 30. bxc4 Qxb2 31. Qxe3 Kh8 32. Rxd4 Rg8 33. R1d3 Qa1+ 34. Kg2 Qb2+ 35. Kg3 Qa1 36. Kg2 Qb2+ 37. Qd2 Qb1 38. Rd7 Rgf8 39. Qh6 Qc2+ 40. Rd2 Qxe4+ 41. Kf2 Rg8 42. Rxf7 g5 43. hxg5 Qf4+ 44. Kg1 Qxg4+ 45. Rg2 Qd4+ 46. Kh2 Qxe5+ 47. Rg3 Qe2+ 48. Rg2 Qe5+ 49. Rg3 Qe2+ 50. Kg1 Qd1+ 51. Kh2 Qe2+ $11 52. Kg1 Qd1+ 53. Kh2 Qe2+ 54. Kg1 Qd1+ 55. Kh2 Qe2+ 56. Kg1 Qd1+ 57. Kh2 Qe2+ 1/2-1/2

[Event "POL-chT 2nd League Juniors 2020"]
[Site "Sypniewo"]
[Date "2020.10.28"]
[Round "7.14"]
[White "Dalkowski, Rafal"]
[Black "Zniszczol, Wiktoria"]
[Result "1/2-1/2"]
[ECO "A58"]
[WhiteElo "1871"]
[BlackElo "1620"]
[Annotator "NA"]
[PlyCount "72"]
[EventDate "2020.10.23"]
[EventType "team-tourn"]
[EventCountry "POL"]
[SourceTitle "playchess.com"]
[Source "ChessBase"]
[SourceQuality "1"]
[TimeControl "5400+30"]

1. d4 Nf6 2. c4 c5 3. d5 b5 4. cxb5 a6 5. bxa6 Bxa6 6. Nc3 d6 7. g3 g6 8. Bg2 Bg7 9. Nf3 O-O 10. O-O Nbd7 11. Qc2 Ng4 12. Rb1 Nge5 13. b3 Qa5 14. Bd2 Rfc8 15. a4 Qc7 16. h4 Nxf3+ 17. Bxf3 Ne5 18. Bg2 Rab8 19. Rfe1 Rb7 20. h5 Rcb8 21. Na2 Qd7 22. b4 Nc4 23. b5 Na3 24. Qd3 Nxb1 25. Rxb1 Bxb5 26. axb5 Rxb5 27. Rd1 Rb3 28. Qe4 Qa7 29. Nc1 Rb1 30. Rf1 Bf6 31. g4 R8b7 32. g5 Bg7 33. Qg4 Rb8 34. Be4 Qa4 35. Qf4 R1b2 36. Be1 $2 {[%emt 0:02:15] [#]} (36. Be3 $14 {stays ahead.}) 36... Qd4 $11 (36... Rc2 $1 $19 37. Nd3 (37. Bxc2 Qxf4) 37... Rxe2) 1/2-1/2

[Event "POL-chT 2nd League Juniors 2020"]
[Site "Sypniewo"]
[Date "2020.10.28"]
[Round "7.14"]
[White "Karut, Kacper"]
[Black "Wieckowski, Michal"]
[Result "*"]
[ECO "A58"]
[WhiteElo "1657"]
[BlackElo "1494"]
[Annotator "NA"]
[PlyCount "22"]
[EventDate "2020.10.23"]
[EventType "team-tourn"]
[EventCountry "POL"]
[SourceTitle "playchess.com"]
[Source "ChessBase"]
[SourceQuality "1"]
[TimeControl "5400+30"]

1. d4 Nf6 2. c4 c5 3. d5 b5 4. cxb5 a6 5. bxa6 Bxa6 6. Nc3 d6 7. g3 g6 8. Bg2 Bg7 9. Nf3 O-O 10. O-O Nbd7 11. Qc2 Ng4 *

[Event "POL-chT 2nd League Juniors 2020"]
[Site "Sypniewo"]
[Date "2020.10.28"]
[Round "7.15"]
[White "Karut, Kacper"]
[Black "Wieckowski, Michal"]
[Result "1-0"]
[ECO "B76"]
[WhiteElo "1657"]
[BlackElo "1494"]
[Annotator "NA"]
[PlyCount "49"]
[EventDate "2020.10.23"]
[EventType "team-tourn"]
[EventCountry "POL"]
[SourceTitle "playchess.com"]
[Source "ChessBase"]
[SourceQuality "1"]
[TimeControl "5400+30"]

1. e4 c5 2. Nf3 d6 3. d4 cxd4 4. Nxd4 Nf6 5. Nc3 g6 6. Be3 Bg7 7. f3 O-O 8. Qd2 Nc6 9. g4 Nxd4 10. Bxd4 Be6 11. O-O-O Qa5 12. a3 Rfc8 13. h4 h5 14. gxh5 Nxh5 15. Bxg7 Kxg7 16. Rg1 Rc5 17. Rg5 Rac8 18. Rxc5 Qxc5 19. f4 Nf6 20. Bd3 Bc4 21. Bxc4 Qxc4 22. Re1 Rc5 23. Qf2 b5 24. e5 Nd5 25. Re4 1-0

[Event "POL-chT 2nd League Juniors 2020"]
[Site "Sypniewo"]
[Date "2020.10.28"]
[Round "7.15"]
[White "Leszczewicz, Karol"]
[Black "Pycinski, Wladyslaw"]
[Result "*"]
[ECO "B54"]
[WhiteElo "1267"]
[BlackElo "1149"]
[Annotator "NA"]
[PlyCount "23"]
[EventDate "2020.10.23"]
[EventType "team-tourn"]
[EventCountry "POL"]
[SourceTitle "playchess.com"]
[Source "ChessBase"]
[SourceQuality "1"]
[TimeControl "5400+30"]

1. e4 c5 2. Nf3 d6 3. d4 cxd4 4. Nxd4 Nf6 5. Nc3 g6 6. Be3 Bg7 7. f3 O-O 8. Qd2 Nc6 9. g4 Nxd4 10. Bxd4 Be6 11. O-O-O Qa5 12. a3 *

[Event "POL-chT 2nd League Juniors 2020"]
[Site "Sypniewo"]
[Date "2020.10.28"]
[Round "7.16"]
[White "Leszczewicz, Karol"]
[Black "Pycinski, Wladyslaw"]
[Result "1-0"]
[ECO "D02"]
[WhiteElo "1267"]
[BlackElo "1149"]
[Annotator "NA"]
[PlyCount "85"]
[EventDate "2020.10.23"]
[EventType "team-tourn"]
[EventCountry "POL"]
[SourceTitle "playchess.com"]
[Source "ChessBase"]
[SourceQuality "1"]
[TimeControl "5400+30"]

1. d4 d5 2. Nf3 c6 3. Bf4 Bg4 4. Ne5 Bh5 5. Nd2 e6 6. c3 Qb6 7. Qc2 Nf6 8. e3 Nbd7 9. Bd3 Be7 10. O-O Bg6 11. Bxg6 hxg6 12. Ndf3 Nxe5 13. Nxe5 Nh5 14. Bg3 Nxg3 15. fxg3 Bf6 16. Qf2 O-O 17. Nd7 Qc7 18. Nxf8 Rxf8 19. Qc2 e5 20. Kh1 e4 21. Rab1 Bg5 22. Rbe1 a6 23. c4 Qd7 24. cxd5 Qxd5 25. Qc5 Rd8 26. Qxd5 Rxd5 27. h4 Bd8 28. Rc1 Bc7 29. Rc5 Rxc5 30. dxc5 Bxg3 31. b4 Kf8 32. Rd1 Bxh4 33. Rd7 Bf2 34. g4 Bxe3 35. Kg2 f5 36. gxf5 gxf5 37. Rxb7 Bd2 38. a4 f4 39. Kf2 f3 40. b5 axb5 41. axb5 Ke8 42. bxc6 Kd8 43. Rd7+ 1-0

[Event "POL-chT 2nd League Juniors 2020"]
[Site "Sypniewo"]
[Date "2020.10.28"]
[Round "7.17"]
[White "Kudlak, Julia"]
[Black "Tarka, Aleksandra"]
[Result "1-0"]
[ECO "A80"]
[WhiteElo "1574"]
[BlackElo "1676"]
[Annotator "NA"]
[PlyCount "53"]
[EventDate "2020.10.23"]
[EventType "team-tourn"]
[EventCountry "POL"]
[SourceTitle "playchess.com"]
[Source "ChessBase"]
[SourceQuality "1"]
[TimeControl "5400+30"]

1. d4 f5 2. g4 fxg4 3. h3 d5 4. hxg4 Bxg4 5. Qd3 Nf6 6. f3 Bh5 7. e4 c6 8. e5 Bg6 9. Qxg6+ hxg6 10. Rxh8 Ne4 11. fxe4 dxe4 12. c3 c5 13. Bg2 cxd4 14. Bxe4 Qb6 15. Ne2 Nd7 16. cxd4 O-O-O 17. Nbc3 Kb8 18. Nd5 Qe6 19. Bf4 Nb6 20. Nxb6 Qxb6 21. e6+ Ka8 22. Rc1 Qxe6 23. Be5 Qg4 24. Bh1 e6 25. Rc7 Rb8 26. Bxb7+ Rxb7 27. Rc8+ 1-0

[Event "POL-chT 2nd League Juniors 2020"]
[Site "Sypniewo"]
[Date "2020.10.28"]
[Round "7.18"]
[White "Pastuszko, Katarzyna"]
[Black "Tim, Anna"]
[Result "1-0"]
[ECO "C13"]
[WhiteElo "1251"]
[BlackElo "1237"]
[Annotator "NA"]
[PlyCount "83"]
[EventDate "2020.10.23"]
[EventType "team-tourn"]
[EventCountry "POL"]
[SourceTitle "playchess.com"]
[Source "ChessBase"]
[SourceQuality "1"]
[TimeControl "5400+30"]

1. e4 e6 2. d4 d5 3. Nc3 Nf6 4. e5 Nfd7 5. h4 a6 6. Bg5 Be7 7. Qd3 c5 8. f4 Nc6 9. Nge2 f6 10. exf6 Bxf6 11. Qe3 Qe7 12. O-O-O b5 13. f5 Nxd4 14. fxe6 Qxe6 15. Nxd4 Qxe3+ 16. Bxe3 cxd4 17. Bxd4 Bb7 18. Be2 O-O-O 19. Bf3 Bxd4 20. Rxd4 Nf6 21. Rhd1 Rhe8 22. g4 Re3 23. R1d3 Rxd3 24. cxd3 Rd6 25. g5 Nd7 26. Nxd5 Bxd5 27. Rxd5 Rxd5 28. Bxd5 Ne5 29. Be4 h6 30. Kd2 Kd7 31. Ke3 Ke6 32. Kf4 a5 33. b3 b4 34. d4 Nf7 35. Kg4 Nd6 36. Bc6 Nf5 37. Bd7+ Kxd7 38. Kxf5 Ke7 39. Ke5 hxg5 40. hxg5 g6 41. d5 Kd7 42. Kf6 1-0

[Event "POL-chT 2nd League Juniors 2020"]
[Site "Sypniewo"]
[Date "2020.10.28"]
[Round "7.19"]
[White "Lewandowski, Wiktor"]
[Black "Wysocki, Mateusz"]
[Result "1/2-1/2"]
[ECO "B32"]
[WhiteElo "1756"]
[BlackElo "1855"]
[Annotator "NA"]
[PlyCount "61"]
[EventDate "2020.10.23"]
[EventType "team-tourn"]
[EventCountry "POL"]
[SourceTitle "playchess.com"]
[Source "ChessBase"]
[SourceQuality "1"]
[TimeControl "5400+30"]

1. e4 c5 2. Nf3 Nc6 3. d4 cxd4 4. Nxd4 e5 $11 5. Nb5 d6 6. N1c3 a6 7. Na3 Be7 8. g3 Nf6 9. Bg2 O-O 10. Nc4 Bg4 11. f3 Be6 12. Ne3 Rc8 13. O-O Nd4 14. Kh1 b5 15. Ncd5 Nxd5 16. exd5 Bd7 17. c3 Nf5 18. Nxf5 Bxf5 19. f4 Qd7 20. Be3 exf4 21. Bxf4 Bf6 22. Rc1 Rfe8 23. Qd2 g6 24. Rfe1 h5 25. h4 a5 26. Rxe8+ Rxe8 27. Re1 Rb8 28. Bg5 Be5 29. Bf4 Bf6 30. Bg5 Be5 31. Bf4 1/2-1/2

[Event "POL-chT 2nd League Juniors 2020"]
[Site "Sypniewo"]
[Date "2020.10.28"]
[Round "7.20"]
[White "Komendecki, Antoni"]
[Black "Doroba, Ludwik"]
[Result "*"]
[ECO "B40"]
[WhiteElo "1801"]
[BlackElo "1330"]
[Annotator "NA"]
[PlyCount "21"]
[EventDate "2020.10.23"]
[EventType "team-tourn"]
[EventCountry "POL"]
[SourceTitle "playchess.com"]
[Source "ChessBase"]
[SourceQuality "1"]
[TimeControl "5400+30"]

1. e4 c5 2. Nf3 e6 3. d4 cxd4 4. Nxd4 Nc6 5. Nc3 Qc7 6. Be3 a6 7. Be2 Nf6 8. O-O Be7 9. f4 d6 10. Bf3 Bd7 11. Kh1 *

[Event "POL-chT 2nd League Juniors 2020"]
[Site "Sypniewo"]
[Date "2020.10.28"]
[Round "7.20"]
[White "Wojtasik, Szymon"]
[Black "Kolodziejski, Piotr"]
[Result "0-1"]
[ECO "B49"]
[WhiteElo "1380"]
[BlackElo "1905"]
[Annotator "ChessBase"]
[PlyCount "124"]
[EventDate "2020.10.23"]
[EventType "team-tourn"]
[EventCountry "POL"]
[SourceTitle "playchess.com"]
[Source "ChessBase"]
[SourceQuality "1"]
[TimeControl "5400+30"]

1. e4 c5 2. Nf3 e6 3. d4 cxd4 4. Nxd4 Nc6 5. Nc3 Qc7 6. Be3 a6 7. Be2 Nf6 8. O-O Be7 9. f4 d6 10. Bf3 Bd7 11. Kh1 O-O 12. g4 Nxd4 13. Qxd4 e5 14. Qd1 exf4 15. Bxf4 Bc6 16. Bg2 Rad8 17. g5 Nd7 18. Qd2 Nc5 19. Nd5 Bxd5 20. exd5 Rfe8 21. Rae1 Bf8 22. Qf2 Rxe1 23. Rxe1 a5 24. c3 Nd3 25. Qd2 Nxe1 26. Qxe1 Qd7 27. c4 Re8 28. Qd2 Qg4 29. Bf1 Re4 30. Bg3 Rd4 31. Qc3 Rd1 32. Kg2 Qxg5 33. Qxa5 Qe3 34. Qc3 Rd2+ 35. Kh1 Qxc3 36. bxc3 Rxa2 37. c5 dxc5 38. c4 f6 39. Bh3 Be7 40. Be6+ Kf8 41. Bc7 Rd2 42. Bc8 b6 43. Bd7 g6 44. Be6 Kg7 45. Bd7 f5 46. Be5+ Kf8 47. Kg1 Bd8 48. Kf1 Ke7 49. Bb5 g5 50. Ke1 Ra2 51. Kd1 h6 52. Bg7 Rxh2 53. Ke1 Bc7 54. Kf1 h5 55. Ba6 Kf7 56. Bc3 Rc2 57. Bh8 h4 58. Bc8 Kg6 59. Ba6 h3 60. d6 Bxd6 61. Bb7 h2 62. Bd5 Rc1+ 0-1

[Event "POL-chT 2nd League Juniors 2020"]
[Site "Sypniewo"]
[Date "2020.10.28"]
[Round "7.21"]
[White "Komendecki, Antoni"]
[Black "Doroba, Ludwik"]
[Result "1-0"]
[ECO "B01"]
[WhiteElo "1801"]
[BlackElo "1330"]
[Annotator "NA"]
[PlyCount "59"]
[EventDate "2020.10.23"]
[EventType "team-tourn"]
[EventCountry "POL"]
[SourceTitle "playchess.com"]
[Source "ChessBase"]
[SourceQuality "1"]
[TimeControl "5400+30"]

1. e4 d5 2. exd5 Nf6 3. Nf3 Nxd5 4. d4 g6 5. c4 Nb6 6. Nc3 Bg7 7. Be3 O-O 8. Be2 Nc6 9. h3 e6 10. O-O Qe7 11. Qc2 e5 12. d5 Nb4 13. Qb3 Na6 14. Rac1 Nd7 15. Rfd1 b6 16. Na4 Qb4 17. Qxb4 Nxb4 18. a3 Na6 19. b4 Rd8 20. Nd2 f5 21. f3 Nf6 22. Nb3 Nb8 23. Nc3 a6 24. c5 b5 25. Na5 Kf7 26. a4 bxa4 27. Bc4 Ke7 28. Nxa4 Ne8 29. d6+ cxd6 30. Bd5 1-0